[ AOE2 MATCH · #461502018 ]
UnrankedKhmer vs Ethiopians
[ REPLAY ANALYSIS · EXTRACTED FROM THE RECORDED GAME ]
Feudal
10:45
Castle
29:07
Imperial
—
| APM avg | 20.9 |
| APM peak | 61 |
| eAPM avg | 11.8 |
| Villagers / military | 72 / 349 |
Focus
⚔️ 34.4% · 🌾 65.6%
Scout Cavalry ×188 · Spearman ×161 · Fishing Ship ×2
Feudal
10:58
Castle
—
Imperial
—
| APM avg | 20.8 |
| APM peak | 58 |
| eAPM avg | 10.6 |
| Villagers / military | 57 / 118 |
Focus
⚔️ 40.1% · 🌾 59.9%
Archer ×67 · Scout Cavalry ×27 · Battering Ram ×15 · Mangonel ×9
Feudal
12:16
Castle
35:54
Imperial
—
| APM avg | 22.2 |
| APM peak | 44 |
| eAPM avg | 15.4 |
| Villagers / military | 72 / 114 |
Focus
⚔️ 38.6% · 🌾 61.4%
Fire Lancer ×72 · Iron Pagoda ×12 · War Wagon ×9 · Archer ×7 · Spearman ×7 · Trebuchet (Packed) ×4
Feudal
12:29
Castle
16:51
Imperial
—
| APM avg | 32.0 |
| APM peak | 74 |
| eAPM avg | 19.9 |
| Villagers / military | 102 / 576 |
Focus
⚔️ 44.2% · 🌾 55.8%
Monaspa ×562 · Scout Cavalry ×9 · Trebuchet (Packed) ×3 · Demolition Raft ×1 · Monk ×1
Feudal
14:07
Castle
38:31
Imperial
—
| APM avg | 47.6 |
| APM peak | 84 |
| eAPM avg | 24.9 |
| Villagers / military | 93 / 335 |
Focus
⚔️ 42.0% · 🌾 58.0%
Camel Scout ×269 · Shrivamsha Rider ×63 · Unknown (2626) ×3 · Fishing Ship ×2 · Galley ×2 · Trade Cart ×1
Feudal
9:36
Castle
22:07
Imperial
—
| APM avg | 43.1 |
| APM peak | 106 |
| eAPM avg | 19.6 |
| Villagers / military | 123 / 243 |
Focus
⚔️ 45.5% · 🌾 54.5%
Scout Cavalry ×121 · Scorpion ×80 · Spearman ×21 · Battering Ram ×20 · Knight ×1
Feudal
7:40
Castle
21:29
Imperial
—
| APM avg | 72.7 |
| APM peak | 144 |
| eAPM avg | 35.6 |
| Villagers / military | 148 / 147 |
Focus
⚔️ 72.5% · 🌾 27.5%
Archer ×63 · Mameluke ×57 · Bombard Cannon ×24 · Fishing Ship ×3 · Trebuchet (Packed) ×3
Feudal
14:13
Castle
37:03
Imperial
—
| APM avg | 39.0 |
| APM peak | 92 |
| eAPM avg | 21.0 |
| Villagers / military | 122 / 88 |
Focus
⚔️ 22.2% · 🌾 77.8%
Unknown (2550) ×115 · Spearman ×88 · Fishing Ship ×9
Match map
Initial resources + every placement click. Lines = walls · curves = elevation contours. ◆ gold · ⬟ stone · ● berries · ✦ relic · ◌ wall gap
Your base· ✓ Closed at 29:07 · 0t walls · no gate
ortegahugo559's base· ✓ Closed at 8:18 · 10t walls · fragile
xjvc206's base· ✓ Closed at 35:54 · 17t walls · 1 gate(s)
DkDave's base· Open — 1t gap
JEEP-REX's base· ✓ Closed at 38:31 · 0t walls · no gate
N.19 IvanCastle's base· Open — 6t gap
wappla's base· ✓ Closed at 21:29 · 11t walls · 2 gate(s)
背后一刀's base· Open — 1t gap
Smoothed initial terrain · ◌ = detected wall gap · hover for details
Inputs per minute
— oaoaoa1986 - - ortegahugo559
Build order — oaoaoa1986
First 150 of 220 actions detected
| 0:08 | Create | Villager (Male) |
| 0:19 | Research | Double-Bit Axe |
| 0:47 | Create | Villager (Male) |
| 0:58 | Create | Villager (Male) ×2 |
| 1:20 | Build | Mill |
| 1:24 | Create | Fishing Ship |
| 1:24 | Create | Fishing Ship |
| 1:35 | Build | House |
| 1:36 | Build | House |
| 1:37 | Build | House |
| 1:46 | Create | Villager (Male) ×3 |
| 1:46 | Create | Villager (Male) ×3 |
| 2:10 | Build | Farm |
| 2:23 | Create | Villager (Male) ×3 |
| 2:23 | Create | Villager (Male) ×3 |
| 2:44 | Create | Villager (Male) |
| 2:45 | Create | Villager (Male) |
| 3:13 | Build | House |
| 3:14 | Build | House |
| 3:16 | Build | House |
| 3:17 | Build | House |
| 4:07 | Create | Villager (Male) ×5 |
| 4:33 | Research | Horse Collar |
| 5:38 | Build | Barracks |
| 5:39 | Build | Barracks |
| 6:21 | Create | Spearman |
| 6:22 | Create | Spearman |
| 6:52 | Create | Spearman |
| 7:48 | Build | Farm |
| 7:49 | Build | Farm |
| 7:51 | Build | Farm |
| 7:51 | Build | Farm |
| 7:54 | Build | Farm |
| 7:55 | Build | Farm |
| 7:56 | Build | Farm |
| 7:59 | Build | Farm |
| 8:00 | Build | Farm |
| 8:05 | Research | Castle Age |
| 8:27 | Create | Spearman ×3 |
| 9:15 | Build | Farm |
| 9:21 | Build | Farm |
| 10:25 | Create | Spearman |
| 10:45 | Age | Feudal Age |
| 10:56 | Build | Town Center |
| 11:06 | Research | Heavy Plow |
| 11:09 | Research | Bow Saw |
| 11:16 | Research | Pikeman (upgrade) |
| 11:40 | Create | Spearman ×5 |
| 11:49 | Research | Town Watch |
| 11:59 | Research | Wheelbarrow |
| 12:03 | Create | Villager (Male) ×5 |
| 12:04 | Create | Villager (Male) ×5 |
| 12:04 | Create | Villager (Male) ×5 |
| 12:41 | Build | Town Center |
| 13:21 | Research | Scale Mail Armor |
| 13:22 | Research | Forging |
| 13:39 | Create | Villager (Male) ×5 |
| 13:53 | Create | Villager (Male) |
| 14:25 | Build | House |
| 14:26 | Build | House |
| 14:27 | Build | House |
| 14:31 | Build | House |
| 14:34 | Build | House |
| 14:40 | Research | Hand Cart |
| 14:47 | Create | Villager (Male) |
| 14:47 | Create | Villager (Male) |
| 15:04 | Build | Farm |
| 15:05 | Build | Farm |
| 15:07 | Build | Farm |
| 15:08 | Build | Farm |
| 15:09 | Build | Farm |
| 15:11 | Build | Farm |
| 15:12 | Build | Farm |
| 15:14 | Build | Farm |
| 15:16 | Build | Farm |
| 15:31 | Build | Farm |
| 15:32 | Build | Farm |
| 15:34 | Build | Farm |
| 15:35 | Build | Farm |
| 15:37 | Build | Farm |
| 15:38 | Build | Farm |
| 15:40 | Build | Farm |
| 15:54 | Research | Arson |
| 15:55 | Create | Spearman ×5 |
| 15:56 | Create | Spearman ×4 |
| 16:42 | Create | Villager (Male) ×5 |
| 16:42 | Create | Villager (Male) ×5 |
| 17:06 | Research | Stone Mining |
| 17:07 | Research | Gold Mining |
| 17:12 | Create | Villager (Male) |
| 17:45 | Build | House |
| 17:47 | Build | House |
| 17:48 | Build | House |
| 17:49 | Build | House |
| 17:51 | Build | House |
| 17:54 | Build | House |
| 17:56 | Build | House |
| 17:57 | Build | House |
| 18:20 | Build | Farm |
| 18:27 | Create | Villager (Male) ×5 |
| 18:40 | Research | Chain Mail Armor |
| 18:41 | Research | Iron Casting |
| 20:06 | Create | Villager (Male) ×5 |
| 20:07 | Create | Villager (Male) ×5 |
| 20:30 | Build | Mining Camp |
| 20:51 | Build | Barracks |
| 20:52 | Build | Barracks |
| 20:53 | Build | Barracks |
| 20:55 | Build | Barracks |
| 20:56 | Build | Barracks |
| 23:37 | Create | Spearman ×5 |
| 23:38 | Create | Spearman ×5 |
| 23:38 | Create | Spearman ×5 |
| 25:08 | Build | Mining Camp |
| 25:21 | Build | Farm |
| 25:22 | Build | Farm |
| 25:24 | Build | Farm |
| 25:25 | Build | Farm |
| 25:26 | Build | Farm |
| 25:27 | Build | Farm |
| 25:31 | Build | Farm |
| 25:32 | Build | Farm |
| 25:34 | Build | Farm |
| 25:35 | Build | Farm |
| 25:36 | Build | Farm |
| 25:37 | Build | Farm |
| 25:39 | Build | Farm |
| 25:51 | Build | Mining Camp |
| 25:57 | Research | Imperial Age |
| 26:30 | Build | Mining Camp |
| 26:37 | Create | Spearman ×5 |
| 26:37 | Create | Spearman ×5 |
| 26:37 | Create | Spearman ×5 |
| 26:37 | Create | Spearman ×5 |
| 27:10 | Build | House |
| 27:10 | Build | House |
| 27:11 | Build | House |
| 27:12 | Build | House |
| 27:41 | Research | Gold Shaft Mining |
| 27:42 | Research | Stone Shaft Mining |
| 28:27 | Build | Lumber Camp |
| 29:07 | Age | Castle Age |
| 30:26 | Research | Halberdier (upgrade) |
| 31:21 | Research | Blast Furnace |
| 31:53 | Build | Castle |
| 31:58 | Build | Castle |
| 32:00 | Build | Castle |
| 32:51 | Build | Stable |
| 32:53 | Build | Stable |
| 32:56 | Build | Stable |
Build order — ortegahugo559
First 150 of 208 actions detected
| 0:03 | Create | Villager (Male) |
| 0:03 | Create | Villager (Male) |
| 0:04 | Create | Villager (Male) |
| 0:04 | Create | Villager (Male) |
| 0:23 | Build | Stable |
| 0:41 | Build | Palisade Wall |
| 0:59 | Build | Stable |
| 1:05 | Create | Scout Cavalry |
| 1:06 | Create | Scout Cavalry |
| 1:06 | Create | Scout Cavalry |
| 1:06 | Create | Scout Cavalry |
| 1:41 | Create | Scout Cavalry |
| 1:42 | Create | Scout Cavalry |
| 1:42 | Create | Scout Cavalry |
| 1:50 | Build | House |
| 2:00 | Build | Mill |
| 2:08 | Create | Scout Cavalry |
| 2:09 | Create | Scout Cavalry |
| 3:01 | Create | Scout Cavalry |
| 3:02 | Create | Scout Cavalry |
| 3:02 | Create | Scout Cavalry |
| 3:11 | Build | House |
| 3:20 | Create | Villager (Male) |
| 3:20 | Create | Villager (Male) |
| 3:20 | Create | Villager (Male) |
| 6:51 | Build | Farm |
| 6:51 | Build | Farm |
| 6:52 | Build | Farm |
| 6:53 | Build | Farm |
| 6:53 | Build | Farm |
| 6:55 | Build | Farm |
| 6:56 | Build | Farm |
| 6:59 | Build | Farm |
| 6:59 | Build | Farm |
| 7:00 | Build | Farm |
| 7:02 | Build | Farm |
| 7:09 | Build | Farm |
| 8:18 | Research | Castle Age |
| 9:28 | Build | Stable |
| 10:49 | Build | Stable |
| 10:58 | Age | Feudal Age |
| 11:00 | Research | Light Cavalry (upgrade) |
| 11:05 | Create | Scout Cavalry |
| 11:05 | Create | Scout Cavalry |
| 11:06 | Create | Scout Cavalry |
| 11:06 | Create | Scout Cavalry |
| 11:07 | Create | Scout Cavalry |
| 11:07 | Create | Scout Cavalry |
| 11:07 | Create | Scout Cavalry |
| 11:07 | Create | Scout Cavalry |
| 11:07 | Create | Scout Cavalry |
| 11:07 | Create | Scout Cavalry |
| 11:28 | Build | Town Center |
| 11:34 | Create | Villager (Male) |
| 11:34 | Create | Villager (Male) |
| 11:34 | Create | Villager (Male) |
| 11:34 | Create | Villager (Male) |
| 11:34 | Create | Villager (Male) |
| 11:57 | Build | Town Center |
| 12:57 | Create | Scout Cavalry |
| 12:57 | Create | Scout Cavalry |
| 12:58 | Create | Scout Cavalry |
| 12:58 | Create | Scout Cavalry |
| 12:58 | Create | Scout Cavalry |
| 13:18 | Build | House |
| 13:18 | Build | House |
| 13:19 | Build | House |
| 13:19 | Build | House |
| 13:20 | Build | House |
| 13:25 | Create | Villager (Male) |
| 13:25 | Create | Villager (Male) |
| 14:35 | Create | Villager (Male) |
| 14:35 | Create | Villager (Male) |
| 14:35 | Create | Villager (Male) |
| 14:36 | Create | Villager (Male) |
| 14:51 | Build | Archery Range |
| 14:51 | Build | Archery Range |
| 14:52 | Build | Archery Range |
| 15:12 | Create | Villager (Male) |
| 15:13 | Create | Villager (Male) |
| 15:13 | Create | Villager (Male) |
| 15:13 | Create | Villager (Male) |
| 15:23 | Create | Villager (Male) |
| 15:23 | Create | Villager (Male) |
| 15:23 | Create | Villager (Male) |
| 16:18 | Research | Horse Collar |
| 16:22 | Research | Double-Bit Axe |
| 16:29 | Research | Gold Mining |
| 16:33 | Build | House |
| 16:33 | Build | House |
| 16:34 | Build | House |
| 16:34 | Build | House |
| 16:35 | Build | House |
| 16:53 | Research | Crossbowman (upgrade) |
| 17:19 | Build | Siege Workshop |
| 17:20 | Build | Siege Workshop |
| 17:25 | Create | Villager (Male) |
| 17:25 | Create | Villager (Male) |
| 17:25 | Create | Villager (Male) |
| 17:35 | Create | Archer |
| 17:35 | Create | Archer |
| 17:35 | Create | Archer |
| 17:35 | Create | Archer |
| 17:35 | Create | Archer |
| 17:35 | Create | Archer |
| 17:36 | Create | Archer |
| 17:46 | Create | Villager (Male) |
| 17:46 | Create | Villager (Male) |
| 17:47 | Create | Villager (Male) |
| 17:47 | Create | Villager (Male) |
| 18:39 | Create | Battering Ram |
| 18:51 | Create | Villager (Male) |
| 18:51 | Create | Villager (Male) |
| 18:51 | Create | Villager (Male) |
| 18:54 | Research | Bow Saw |
| 19:24 | Create | Battering Ram |
| 19:55 | Create | Villager (Male) |
| 19:56 | Create | Villager (Male) |
| 19:56 | Create | Villager (Male) |
| 20:02 | Build | House |
| 20:02 | Build | House |
| 20:02 | Build | House |
| 20:04 | Build | House |
| 20:09 | Create | Archer |
| 20:09 | Create | Archer |
| 20:09 | Create | Archer |
| 20:10 | Create | Archer |
| 20:10 | Create | Archer |
| 20:14 | Create | Mangonel |
| 20:24 | Research | Padded Archer Armor |
| 20:36 | Create | Villager (Male) |
| 20:37 | Create | Villager (Male) |
| 20:37 | Create | Villager (Male) |
| 20:37 | Create | Villager (Male) |
| 20:48 | Create | Archer |
| 20:49 | Create | Archer |
| 20:49 | Create | Archer |
| 21:18 | Create | Archer |
| 21:19 | Create | Archer |
| 21:19 | Create | Archer |
| 21:19 | Create | Archer |
| 22:16 | Build | Barracks |
| 22:20 | Build | House |
| 22:32 | Build | House |
| 23:12 | Research | Thumb Ring |
| 23:14 | Create | Archer |
| 23:15 | Create | Archer |
| 23:15 | Create | Archer |
| 23:15 | Create | Archer |
| 23:15 | Create | Archer |
Build order — xjvc206
First 150 of 316 actions detected
| 0:15 | Build | Archery Range |
| 0:20 | Build | Stone Wall |
| 0:22 | Create | Villager (Male) |
| 0:24 | Create | Villager (Male) |
| 0:55 | Research | Tech 906 |
| 0:59 | Create | Fire Galley |
| 1:03 | Create | Unit 2626 |
| 1:10 | Build | Mining Camp |
| 1:30 | Create | Villager (Male) |
| 1:31 | Create | Villager (Male) |
| 1:41 | Create | Archer |
| 1:43 | Create | Archer |
| 2:06 | Create | Fishing Ship |
| 2:14 | Build | House |
| 2:16 | Build | House |
| 2:17 | Build | House |
| 2:25 | Build | Stone Wall |
| 2:37 | Create | Archer |
| 2:50 | Create | Spearman |
| 2:50 | Create | Spearman |
| 2:50 | Create | Spearman |
| 2:51 | Create | Spearman |
| 3:05 | Build | Archery Range |
| 3:09 | Build | House |
| 3:37 | Build | Gate |
| 3:42 | Create | Villager (Male) |
| 3:44 | Create | Villager (Male) |
| 4:29 | Create | Villager (Male) |
| 4:29 | Create | Villager (Male) |
| 4:51 | Build | Stone Wall |
| 4:57 | Create | Villager (Male) |
| 4:57 | Create | Villager (Male) |
| 4:57 | Create | Villager (Male) |
| 5:01 | Create | Archer |
| 5:01 | Create | Archer |
| 5:15 | Create | Fishing Ship |
| 5:48 | Build | Mill |
| 6:03 | Create | Spearman |
| 6:11 | Create | Archer |
| 6:35 | Create | Villager (Male) |
| 6:35 | Create | Villager (Male) |
| 6:59 | Research | Fletching |
| 7:32 | Create | Archer |
| 7:38 | Create | Villager (Male) |
| 8:36 | Build | Watch Tower |
| 8:40 | Build | Watch Tower |
| 9:36 | Research | Castle Age |
| 9:48 | Build | Watch Tower |
| 10:01 | Create | Spearman |
| 10:01 | Create | Spearman |
| 10:42 | Research | Forging |
| 10:42 | Research | Scale Mail Armor |
| 11:16 | Research | Double-Bit Axe |
| 11:18 | Research | Horse Collar |
| 11:41 | Build | Market |
| 12:16 | Age | Feudal Age |
| 12:29 | Build | Town Center |
| 12:37 | Build | Town Center |
| 12:45 | Build | Town Center |
| 12:53 | Research | Squires |
| 12:54 | Create | Fire Lancer |
| 12:54 | Create | Fire Lancer |
| 13:22 | Research | Iron Casting |
| 13:27 | Create | Fire Lancer |
| 13:45 | Build | House |
| 14:39 | Create | Villager (Male) |
| 15:12 | Build | House |
| 15:54 | Build | Castle |
| 15:58 | Create | Villager (Male) |
| 16:01 | Create | Villager (Male) |
| 16:03 | Create | Villager (Male) |
| 16:10 | Create | Fire Lancer |
| 16:20 | Build | Stone Wall |
| 16:26 | Create | Turtle Ship |
| 16:40 | Create | Fire Lancer |
| 16:47 | Build | Farm |
| 16:48 | Build | Farm |
| 16:51 | Create | Villager (Male) |
| 16:53 | Create | Villager (Male) |
| 17:10 | Build | Farm |
| 17:14 | Build | Farm |
| 17:22 | Create | Villager (Male) |
| 17:25 | Build | Farm |
| 17:33 | Create | Fire Lancer |
| 17:34 | Create | Fire Lancer |
| 17:45 | Build | Barracks |
| 17:47 | Create | Villager (Male) |
| 17:57 | Build | Farm |
| 18:13 | Build | Farm |
| 18:28 | Build | Mining Camp |
| 18:36 | Build | University |
| 18:46 | Create | Fire Lancer |
| 18:47 | Research | Gambesons |
| 18:50 | Research | Wheelbarrow |
| 19:04 | Create | Villager (Male) |
| 19:19 | Create | Villager (Male) |
| 19:28 | Create | Fire Lancer |
| 19:34 | Create | Fire Lancer |
| 19:37 | Create | War Wagon |
| 19:49 | Create | Villager (Male) |
| 19:50 | Create | Villager (Male) |
| 19:56 | Build | Farm |
| 20:00 | Build | Farm |
| 20:04 | Create | Villager (Male) |
| 20:14 | Create | Fire Lancer |
| 20:18 | Create | Fire Lancer |
| 20:30 | Research | Treadmill Crane |
| 20:37 | Research | Tech 908 |
| 20:55 | Research | Tech 906 |
| 21:02 | Build | Farm |
| 21:04 | Build | Farm |
| 21:08 | Build | Farm |
| 21:10 | Create | Villager (Male) |
| 21:11 | Create | Villager (Male) |
| 21:17 | Create | Villager (Male) |
| 21:19 | Create | War Wagon |
| 21:29 | Create | War Wagon |
| 22:05 | Create | Fire Lancer |
| 22:05 | Create | Fire Lancer |
| 22:10 | Build | Siege Workshop |
| 22:22 | Research | Bodkin Arrow |
| 22:27 | Research | Murder Holes |
| 22:40 | Research | Ballistics |
| 23:14 | Research | Chain Mail Armor |
| 23:53 | Research | Hand Cart |
| 24:12 | Create | Fire Lancer |
| 24:12 | Create | Fire Lancer |
| 24:12 | Create | Fire Lancer |
| 25:33 | Create | Iron Pagoda |
| 25:33 | Create | Iron Pagoda |
| 25:44 | Build | Castle |
| 25:48 | Create | War Wagon |
| 25:48 | Create | War Wagon |
| 25:57 | Create | Villager (Male) |
| 25:58 | Create | Villager (Male) |
| 25:59 | Create | Villager (Male) |
| 26:05 | Build | House |
| 26:06 | Build | House |
| 26:07 | Build | House |
| 26:08 | Build | House |
| 27:17 | Build | Siege Workshop |
| 27:20 | Create | War Wagon |
| 27:21 | Create | War Wagon |
| 27:32 | Create | Villager (Male) |
| 27:32 | Create | Villager (Male) |
| 27:32 | Create | Villager (Male) |
| 27:51 | Create | Villager (Male) |
| 27:52 | Create | Villager (Male) |
| 27:52 | Create | Villager (Male) |
| 27:54 | Create | Villager (Male) |
Build order — DkDave
First 150 of 442 actions detected
| 0:01 | Create | Villager (Male) |
| 0:02 | Create | Villager (Male) ×3 |
| 0:21 | Research | Double-Bit Axe |
| 0:46 | Build | Stable |
| 0:51 | Create | Villager (Male) |
| 0:52 | Create | Villager (Male) |
| 1:08 | Build | House |
| 1:10 | Build | House |
| 1:12 | Create | Villager (Male) |
| 1:12 | Create | Villager (Male) |
| 1:12 | Create | Villager (Male) |
| 1:16 | Build | Stable |
| 1:38 | Create | Villager (Male) |
| 1:38 | Create | Villager (Male) |
| 1:47 | Build | Stable |
| 1:53 | Build | House |
| 1:54 | Build | House |
| 2:00 | Create | Villager (Male) |
| 2:01 | Create | Villager (Male) |
| 2:01 | Create | Villager (Male) |
| 2:01 | Create | Villager (Male) |
| 2:17 | Build | Outpost |
| 2:28 | Create | Villager (Male) |
| 2:33 | Build | Stable |
| 2:44 | Build | Palisade Wall |
| 2:46 | Create | Villager (Male) |
| 3:04 | Research | Scale Barding Armor |
| 3:11 | Build | Mill |
| 3:14 | Build | House |
| 3:24 | Build | Palisade Wall |
| 3:30 | Create | Villager (Male) |
| 3:33 | Create | Villager (Male) |
| 3:33 | Create | Villager (Male) |
| 3:53 | Create | Villager (Male) |
| 3:54 | Create | Villager (Male) |
| 4:01 | Build | Palisade Wall |
| 4:07 | Build | Palisade Wall |
| 4:26 | Build | Palisade Wall |
| 4:31 | Build | Palisade Wall |
| 4:35 | Research | Forging |
| 4:36 | Create | Villager (Male) |
| 4:37 | Create | Villager (Male) |
| 4:59 | Build | House |
| 5:02 | Build | Palisade Wall |
| 5:34 | Create | Villager (Male) |
| 5:37 | Build | House |
| 5:43 | Build | Farm |
| 5:44 | Build | Farm |
| 5:45 | Build | Farm |
| 5:46 | Build | Farm |
| 5:49 | Build | Farm |
| 5:51 | Build | Farm |
| 5:52 | Build | Farm |
| 5:55 | Create | Scout Cavalry |
| 5:55 | Create | Scout Cavalry |
| 5:55 | Create | Scout Cavalry |
| 5:55 | Create | Scout Cavalry |
| 5:58 | Create | Demolition Raft |
| 6:19 | Build | Farm |
| 6:21 | Build | Farm |
| 6:21 | Build | Farm |
| 6:23 | Build | Farm |
| 6:27 | Create | Scout Cavalry |
| 6:27 | Create | Scout Cavalry |
| 6:56 | Create | Scout Cavalry |
| 6:56 | Create | Scout Cavalry |
| 6:57 | Create | Villager (Male) |
| 7:02 | Build | Farm |
| 7:04 | Build | Farm |
| 7:04 | Build | Farm |
| 7:09 | Build | Farm |
| 7:10 | Build | Farm |
| 7:18 | Build | Farm |
| 7:19 | Create | Villager (Male) |
| 7:27 | Create | Scout Cavalry |
| 7:27 | Create | Villager (Male) |
| 8:31 | Research | Wheelbarrow |
| 8:32 | Research | Horse Collar |
| 9:49 | Research | Castle Age |
| 9:49 | Research | Castle Age |
| 9:49 | Research | Castle Age |
| 12:29 | Age | Feudal Age |
| 12:37 | Build | University |
| 12:47 | Build | Monastery |
| 12:52 | Create | Villager (Male) |
| 12:57 | Research | Heavy Plow |
| 12:57 | Research | Bow Saw |
| 13:19 | Build | Palisade Gate |
| 13:41 | Research | Imperial Age |
| 13:41 | Research | Imperial Age |
| 13:41 | Research | Imperial Age |
| 13:43 | Create | Villager (Male) |
| 13:54 | Build | Town Center |
| 14:20 | Build | Palisade Gate |
| 14:38 | Build | Town Center |
| 14:55 | Build | Town Center |
| 15:02 | Create | Villager (Male) |
| 15:03 | Create | Villager (Male) |
| 15:03 | Create | Villager (Male) |
| 15:11 | Build | House |
| 15:12 | Build | House |
| 15:13 | Build | House |
| 15:14 | Build | House |
| 15:19 | Create | Villager (Male) |
| 15:19 | Create | Villager (Male) |
| 15:20 | Create | Villager (Male) |
| 15:20 | Create | Villager (Male) |
| 15:39 | Create | Villager (Male) |
| 15:39 | Create | Villager (Male) |
| 15:54 | Create | Villager (Male) |
| 15:55 | Create | Villager (Male) |
| 15:58 | Create | Villager (Male) |
| 16:04 | Create | Villager (Male) |
| 16:05 | Create | Villager (Male) |
| 16:05 | Create | Villager (Male) |
| 16:07 | Create | Villager (Male) |
| 16:07 | Create | Villager (Male) |
| 16:07 | Create | Villager (Male) |
| 16:17 | Research | Hand Cart |
| 16:28 | Create | Villager (Male) |
| 16:29 | Create | Villager (Male) |
| 16:41 | Research | Gold Mining |
| 16:44 | Create | Villager (Male) |
| 16:44 | Create | Villager (Male) |
| 16:44 | Create | Villager (Male) |
| 16:45 | Create | Villager (Male) |
| 16:45 | Create | Villager (Male) |
| 16:45 | Create | Villager (Male) |
| 16:45 | Create | Villager (Male) |
| 16:46 | Create | Villager (Male) |
| 16:46 | Create | Villager (Male) |
| 16:47 | Create | Villager (Male) |
| 16:47 | Create | Villager (Male) |
| 16:47 | Create | Villager (Male) |
| 16:48 | Create | Villager (Male) |
| 16:49 | Create | Villager (Male) |
| 16:49 | Create | Villager (Male) |
| 16:51 | Age | Castle Age |
| 17:00 | Build | Farm |
| 17:12 | Create | Monk |
| 17:20 | Research | Stone Mining |
| 17:20 | Create | Villager (Male) |
| 17:23 | Create | Villager (Male) |
| 17:23 | Create | Villager (Male) |
| 17:23 | Create | Villager (Male) |
| 17:24 | Create | Villager (Male) |
| 17:26 | Create | Villager (Male) |
| 17:30 | Create | Villager (Male) |
| 17:50 | Build | Castle |
| 18:00 | Create | Villager (Male) |
Build order — JEEP-REX
First 150 of 570 actions detected
| 0:09 | Build | Mill |
| 0:26 | Create | Villager (Male) |
| 0:37 | Build | Stable |
| 0:47 | Create | Villager (Male) |
| 0:47 | Create | Villager (Male) |
| 1:09 | Create | Fishing Ship |
| 1:13 | Create | Villager (Male) |
| 1:19 | Create | Camel Scout |
| 1:20 | Create | Camel Scout |
| 1:20 | Create | Camel Scout |
| 1:20 | Create | Camel Scout |
| 1:27 | Build | House |
| 1:33 | Create | Villager (Male) |
| 1:50 | Build | House |
| 1:51 | Build | House |
| 2:01 | Create | Fishing Ship |
| 2:05 | Create | Camel Scout |
| 2:06 | Create | Camel Scout |
| 2:21 | Create | Villager (Male) |
| 2:26 | Build | Farm |
| 2:32 | Research | Scale Barding Armor |
| 2:36 | Create | Camel Scout |
| 2:50 | Build | Farm |
| 2:58 | Create | Villager (Male) |
| 3:00 | Create | Villager (Male) |
| 3:07 | Create | Villager (Male) |
| 3:16 | Build | Farm |
| 3:19 | Build | Farm |
| 3:30 | Create | Camel Scout |
| 3:50 | Research | Bloodlines |
| 4:34 | Build | House |
| 4:34 | Build | House |
| 4:35 | Build | House |
| 4:40 | Build | Stable |
| 4:47 | Create | Villager (Male) |
| 4:47 | Create | Villager (Male) |
| 4:48 | Create | Villager (Male) |
| 4:50 | Create | Camel Scout |
| 4:50 | Create | Camel Scout |
| 4:50 | Create | Camel Scout |
| 4:52 | Create | Villager (Male) |
| 5:03 | Research | Double-Bit Axe |
| 5:20 | Create | Villager (Male) |
| 5:26 | Research | Horse Collar |
| 5:36 | Build | House |
| 5:39 | Create | Villager (Male) |
| 6:01 | Create | Unit 2626 |
| 6:08 | Create | Villager (Male) |
| 6:10 | Create | Camel Scout |
| 6:10 | Create | Camel Scout |
| 6:11 | Create | Camel Scout |
| 6:11 | Create | Camel Scout |
| 6:20 | Create | Villager (Male) |
| 6:31 | Create | Villager (Male) |
| 6:59 | Create | Camel Scout |
| 6:59 | Create | Camel Scout |
| 6:59 | Create | Camel Scout |
| 7:03 | Build | Farm |
| 7:04 | Build | Farm |
| 7:05 | Build | Farm |
| 7:15 | Create | Villager (Male) |
| 7:24 | Build | Farm |
| 7:25 | Build | Farm |
| 7:27 | Research | Forging |
| 7:53 | Build | Market |
| 8:02 | Create | Villager (Male) |
| 8:05 | Create | Villager (Male) |
| 8:24 | Build | Farm |
| 8:24 | Build | Farm |
| 8:25 | Build | Farm |
| 8:25 | Build | Farm |
| 8:25 | Build | Farm |
| 8:25 | Build | Farm |
| 8:45 | Create | Camel Scout |
| 8:46 | Create | Camel Scout |
| 8:46 | Create | Camel Scout |
| 8:46 | Create | Camel Scout |
| 9:39 | Create | Villager (Male) |
| 9:42 | Create | Villager (Male) |
| 9:57 | Build | Lumber Camp |
| 10:10 | Build | House |
| 10:12 | Build | House |
| 10:39 | Create | Galley |
| 10:40 | Create | Galley |
| 10:44 | Research | Fletching |
| 11:00 | Build | Mining Camp |
| 11:02 | Create | Villager (Male) |
| 11:12 | Research | Castle Age |
| 11:46 | Create | Camel Scout |
| 12:33 | Create | Villager (Male) |
| 12:38 | Create | Camel Scout |
| 12:39 | Create | Camel Scout |
| 12:58 | Create | Camel Scout |
| 12:59 | Create | Camel Scout |
| 13:05 | Create | Villager (Male) |
| 13:07 | Create | Villager (Male) |
| 13:19 | Build | Mining Camp |
| 14:00 | Create | Camel Scout |
| 14:00 | Create | Camel Scout |
| 14:01 | Create | Camel Scout |
| 14:01 | Create | Camel Scout |
| 14:01 | Create | Camel Scout |
| 14:06 | Create | Villager (Male) |
| 14:06 | Create | Villager (Male) |
| 14:07 | Age | Feudal Age |
| 14:29 | Research | Husbandry |
| 14:30 | Create | Camel Scout |
| 14:30 | Create | Camel Scout |
| 14:30 | Create | Camel Scout |
| 14:41 | Create | Camel Scout |
| 14:42 | Create | Camel Scout |
| 14:42 | Create | Camel Scout |
| 14:49 | Create | Camel Scout |
| 14:49 | Create | Camel Scout |
| 15:02 | Create | Camel Scout |
| 15:02 | Create | Shrivamsha Rider |
| 15:09 | Create | Villager (Male) |
| 15:09 | Create | Villager (Male) |
| 15:16 | Build | Town Center |
| 15:28 | Build | Town Center |
| 15:31 | Build | Mining Camp |
| 15:36 | Build | House |
| 15:37 | Build | House |
| 15:37 | Build | House |
| 15:37 | Build | House |
| 15:38 | Build | House |
| 15:38 | Build | House |
| 15:38 | Build | House |
| 15:38 | Build | House |
| 15:43 | Create | Villager (Male) |
| 15:43 | Create | Villager (Male) |
| 15:58 | Build | Stable |
| 16:01 | Build | Stable |
| 16:06 | Create | Villager (Male) |
| 16:06 | Create | Villager (Male) |
| 16:06 | Create | Villager (Male) |
| 16:09 | Create | Camel Scout |
| 16:09 | Create | Shrivamsha Rider |
| 16:10 | Create | Camel Scout |
| 16:35 | Create | Villager (Male) |
| 16:35 | Create | Villager (Male) |
| 16:36 | Create | Villager (Male) |
| 16:47 | Create | Camel Scout |
| 16:48 | Create | Shrivamsha Rider |
| 16:57 | Build | Farm |
| 17:02 | Build | Farm |
| 17:03 | Create | Villager (Male) |
| 17:13 | Create | Camel Scout |
| 17:13 | Create | Shrivamsha Rider |
| 17:14 | Create | Camel Scout |
Build order — N.19 IvanCastle
First 150 of 551 actions detected
| 0:01 | Create | Villager (Male) |
| 0:01 | Create | Villager (Male) |
| 0:04 | Create | Villager (Male) |
| 0:09 | Build | Stable |
| 0:25 | Create | Villager (Male) |
| 0:35 | Research | Double-Bit Axe |
| 0:37 | Create | Villager (Male) |
| 1:03 | Build | Mill |
| 1:11 | Create | Scout Cavalry |
| 1:12 | Create | Villager (Male) |
| 1:44 | Build | Farm |
| 1:45 | Create | Villager (Male) |
| 1:48 | Build | Farm |
| 2:02 | Create | Villager (Male) |
| 2:04 | Build | Farm |
| 2:15 | Build | House |
| 2:17 | Build | House |
| 2:21 | Build | House |
| 2:24 | Build | Farm |
| 2:26 | Create | Villager (Male) |
| 2:29 | Build | Farm |
| 2:32 | Research | Wheelbarrow |
| 2:33 | Create | Scout Cavalry |
| 2:45 | Create | Villager (Male) |
| 2:58 | Build | Farm |
| 3:12 | Create | Villager (Male) |
| 3:13 | Create | Scout Cavalry |
| 3:32 | Create | Scout Cavalry |
| 3:35 | Create | Villager (Male) |
| 3:36 | Create | Villager (Male) |
| 3:36 | Create | Villager (Male) |
| 4:22 | Create | Villager (Male) |
| 4:34 | Build | Farm |
| 4:37 | Build | Farm |
| 4:40 | Build | Farm |
| 4:46 | Build | House |
| 4:47 | Build | House |
| 4:47 | Build | House |
| 4:48 | Build | House |
| 4:58 | Research | Bloodlines |
| 5:01 | Research | Scale Barding Armor |
| 5:21 | Build | Farm |
| 5:26 | Build | Farm |
| 5:31 | Create | Scout Cavalry |
| 5:50 | Build | House |
| 6:01 | Build | Palisade Gate |
| 6:08 | Create | Scout Cavalry |
| 6:29 | Build | Palisade Gate |
| 6:39 | Build | House |
| 6:45 | Build | House |
| 6:47 | Build | Palisade Wall |
| 6:51 | Create | Villager (Male) |
| 6:56 | Research | Castle Age |
| 6:57 | Research | Castle Age |
| 7:05 | Create | Villager (Male) |
| 7:17 | Create | Scout Cavalry |
| 7:22 | Build | Farm |
| 7:27 | Build | Farm |
| 7:34 | Research | Horse Collar |
| 8:21 | Create | Villager (Male) |
| 8:26 | Create | Scout Cavalry |
| 8:26 | Create | Scout Cavalry |
| 9:07 | Create | Villager (Male) |
| 9:11 | Create | Scout Cavalry |
| 9:36 | Age | Feudal Age |
| 9:40 | Build | Siege Workshop |
| 9:52 | Build | Siege Workshop |
| 9:54 | Create | Villager (Male) |
| 9:58 | Build | Farm |
| 10:04 | Create | Villager (Male) |
| 10:07 | Research | Bow Saw |
| 10:10 | Research | Heavy Plow |
| 10:20 | Create | Villager (Male) |
| 10:35 | Create | Scorpion |
| 10:38 | Create | Scorpion |
| 11:15 | Research | Light Cavalry (upgrade) |
| 11:17 | Research | Chain Barding Armor |
| 11:24 | Create | Scorpion |
| 11:39 | Build | University |
| 12:12 | Create | Villager (Male) |
| 12:25 | Create | Scorpion |
| 12:27 | Create | Villager (Male) |
| 12:28 | Create | Villager (Male) |
| 12:30 | Create | Scorpion |
| 12:30 | Create | Scorpion |
| 12:44 | Build | Siege Workshop |
| 12:51 | Build | House |
| 12:56 | Create | Knight |
| 13:00 | Create | Scout Cavalry |
| 13:01 | Create | Scout Cavalry |
| 13:12 | Build | Lumber Camp |
| 13:26 | Create | Scorpion |
| 13:26 | Create | Scorpion |
| 13:45 | Build | House |
| 13:55 | Create | Scorpion |
| 13:55 | Create | Scorpion |
| 13:56 | Create | Scorpion |
| 13:57 | Create | Villager (Male) |
| 13:57 | Create | Villager (Male) |
| 13:58 | Create | Villager (Male) |
| 15:06 | Create | Villager (Male) |
| 15:06 | Create | Villager (Male) |
| 15:07 | Create | Scout Cavalry |
| 15:07 | Create | Scout Cavalry |
| 15:07 | Create | Scout Cavalry |
| 15:08 | Create | Scout Cavalry |
| 15:08 | Create | Scout Cavalry |
| 15:11 | Create | Scorpion |
| 15:11 | Create | Scorpion |
| 15:13 | Create | Villager (Male) |
| 15:18 | Build | Town Center |
| 15:48 | Create | Scorpion |
| 15:48 | Create | Scorpion |
| 16:09 | Build | Town Center |
| 16:28 | Build | Stable |
| 16:47 | Create | Villager (Male) |
| 16:47 | Create | Villager (Male) |
| 16:47 | Create | Villager (Male) |
| 16:47 | Create | Villager (Male) |
| 17:03 | Create | Scout Cavalry |
| 17:08 | Build | Farm |
| 17:12 | Build | Market |
| 17:16 | Build | Farm |
| 17:16 | Build | Farm |
| 17:17 | Build | Farm |
| 17:17 | Build | Farm |
| 17:17 | Build | Farm |
| 17:17 | Build | Farm |
| 17:17 | Build | Farm |
| 17:18 | Build | Farm |
| 17:18 | Build | Farm |
| 17:27 | Create | Scout Cavalry |
| 17:27 | Create | Scout Cavalry |
| 17:30 | Build | House |
| 17:34 | Create | Scorpion |
| 17:34 | Create | Scorpion |
| 17:37 | Create | Scorpion |
| 17:37 | Create | Scorpion |
| 17:51 | Create | Villager (Male) |
| 17:51 | Create | Villager (Male) |
| 17:51 | Create | Villager (Male) |
| 17:52 | Create | Villager (Male) |
| 17:53 | Create | Villager (Male) |
| 18:08 | Build | House |
| 18:17 | Create | Scout Cavalry |
| 18:17 | Create | Scout Cavalry |
| 18:17 | Create | Scout Cavalry |
| 18:18 | Create | Scout Cavalry |
| 18:19 | Create | Villager (Male) |
| 18:19 | Create | Villager (Male) |
Build order — wappla
First 150 of 469 actions detected
| 0:00 | Create | Villager (Male) |
| 0:00 | Create | Villager (Male) |
| 0:01 | Create | Villager (Male) |
| 0:17 | Build | Archery Range |
| 0:42 | Build | Mill |
| 0:50 | Build | House |
| 0:53 | Create | Villager (Male) |
| 1:01 | Create | Archer |
| 1:04 | Research | Double-Bit Axe |
| 1:18 | Build | House |
| 1:22 | Build | Palisade Wall |
| 1:27 | Create | Villager (Male) |
| 1:31 | Create | Archer |
| 1:36 | Build | Palisade Wall |
| 1:47 | Build | Market |
| 1:51 | Build | House |
| 1:53 | Create | Villager (Male) |
| 1:57 | Create | Archer |
| 2:12 | Create | Villager (Male) |
| 2:26 | Build | Archery Range |
| 2:29 | Create | Villager (Male) |
| 2:32 | Create | Archer |
| 2:48 | Create | Villager (Male) |
| 2:53 | Build | House |
| 3:04 | Create | Archer |
| 3:13 | Build | Palisade Gate |
| 3:15 | Create | Archer |
| 3:31 | Create | Villager (Male) |
| 3:31 | Create | Archer |
| 3:42 | Research | Fletching |
| 3:55 | Create | Archer |
| 4:08 | Create | Villager (Male) |
| 4:10 | Build | House |
| 4:28 | Create | Villager (Male) |
| 4:38 | Create | Villager (Male) |
| 4:46 | Build | Mining Camp |
| 4:56 | Research | Castle Age |
| 4:57 | Create | Archer |
| 5:04 | Build | Mining Camp |
| 5:09 | Build | House |
| 5:12 | Create | Archer |
| 5:20 | Build | Farm |
| 5:30 | Create | Archer |
| 5:34 | Create | Fishing Ship |
| 5:39 | Build | House |
| 5:58 | Create | Archer |
| 6:01 | Create | Villager (Male) |
| 6:09 | Build | Palisade Wall |
| 6:14 | Create | Villager (Male) |
| 6:16 | Create | Fishing Ship |
| 6:21 | Research | Tech 906 |
| 6:52 | Create | Archer |
| 6:53 | Create | Archer |
| 7:18 | Build | Palisade Gate |
| 7:19 | Create | Archer |
| 7:40 | Age | Feudal Age |
| 7:44 | Research | Crossbowman (upgrade) |
| 7:45 | Research | Bodkin Arrow |
| 7:57 | Build | Farm |
| 7:58 | Research | Bow Saw |
| 8:01 | Create | Archer |
| 8:05 | Create | Villager (Male) |
| 8:34 | Create | Villager (Male) |
| 8:35 | Create | Archer |
| 8:35 | Create | Archer |
| 8:35 | Create | Archer |
| 8:46 | Create | Villager (Male) |
| 9:04 | Create | Villager (Male) |
| 9:18 | Create | Villager (Male) |
| 9:21 | Build | Town Center |
| 9:27 | Create | Archer |
| 9:29 | Create | Archer |
| 9:42 | Build | Mining Camp |
| 9:45 | Build | Farm |
| 9:51 | Create | Archer |
| 9:57 | Create | Archer |
| 10:02 | Build | House |
| 10:03 | Build | House |
| 10:12 | Build | Farm |
| 10:21 | Research | Wheelbarrow |
| 10:21 | Research | Wheelbarrow |
| 10:32 | Create | Villager (Male) |
| 10:33 | Create | Villager (Male) |
| 10:33 | Create | Villager (Male) |
| 10:34 | Create | Archer |
| 10:34 | Create | Archer |
| 10:34 | Create | Archer |
| 10:52 | Create | Archer |
| 10:53 | Create | Archer |
| 10:59 | Build | House |
| 11:00 | Build | House |
| 11:01 | Create | Archer |
| 11:04 | Create | Villager (Male) |
| 11:04 | Create | Villager (Male) |
| 11:21 | Create | Villager (Male) |
| 11:27 | Create | Villager (Male) |
| 11:37 | Research | Thumb Ring |
| 11:38 | Create | Archer |
| 11:49 | Build | Farm |
| 11:50 | Create | Fishing Ship |
| 12:18 | Create | Villager (Male) |
| 12:18 | Create | Villager (Male) |
| 12:18 | Create | Villager (Male) |
| 12:21 | Build | Farm |
| 12:22 | Build | Farm |
| 12:22 | Build | Farm |
| 12:22 | Build | Farm |
| 12:23 | Build | Farm |
| 12:23 | Build | Farm |
| 12:23 | Build | Farm |
| 12:34 | Create | Villager (Male) |
| 12:34 | Create | Villager (Male) |
| 13:00 | Create | Villager (Male) |
| 13:01 | Create | Archer |
| 13:05 | Create | Archer |
| 13:08 | Build | Farm |
| 13:08 | Build | Farm |
| 13:24 | Create | Archer |
| 13:24 | Create | Archer |
| 13:28 | Create | Archer |
| 13:30 | Create | Villager (Male) |
| 13:32 | Build | Farm |
| 13:33 | Build | Farm |
| 13:36 | Build | Farm |
| 13:37 | Create | Villager (Male) |
| 13:38 | Create | Villager (Male) |
| 13:38 | Create | Villager (Male) |
| 13:38 | Create | Villager (Male) |
| 13:58 | Create | Archer |
| 13:58 | Create | Archer |
| 13:59 | Create | Villager (Male) |
| 14:02 | Build | Farm |
| 14:04 | Create | Villager (Male) |
| 14:19 | Research | Padded Archer Armor |
| 14:28 | Create | Archer |
| 14:28 | Create | Archer |
| 14:31 | Create | Villager (Male) |
| 14:31 | Create | Villager (Male) |
| 14:33 | Build | House |
| 14:34 | Build | House |
| 14:50 | Create | Villager (Male) |
| 14:50 | Create | Villager (Male) |
| 15:06 | Create | Villager (Male) |
| 15:09 | Build | University |
| 15:13 | Create | Archer |
| 15:16 | Create | Archer |
| 15:17 | Research | Leather Archer Armor |
| 15:20 | Create | Villager (Male) |
| 15:35 | Create | Villager (Male) |
| 15:36 | Create | Archer |
Build order — 背后一刀
First 150 of 458 actions detected
| 0:02 | Create | Villager (Male) |
| 0:02 | Create | Villager (Male) |
| 0:13 | Build | Barracks |
| 0:30 | Create | Villager (Male) |
| 0:37 | Research | Double-Bit Axe |
| 0:56 | Create | Villager (Male) |
| 1:13 | Build | Barracks |
| 1:14 | Create | Villager (Male) |
| 1:26 | Build | Settlement |
| 1:31 | Create | Villager (Male) |
| 1:34 | Create | Fishing Ship |
| 1:34 | Create | Fishing Ship |
| 1:43 | Research | Tech 1402 |
| 2:17 | Create | Villager (Male) |
| 2:17 | Create | Villager (Male) |
| 2:19 | Create | Unit 2550 |
| 2:19 | Create | Unit 2550 |
| 2:40 | Build | Market |
| 2:45 | Build | House |
| 2:48 | Build | Palisade Wall |
| 2:51 | Create | Villager (Male) |
| 2:54 | Create | Unit 2550 |
| 2:55 | Create | Unit 2550 |
| 3:12 | Create | Fishing Ship |
| 3:13 | Create | Fishing Ship |
| 3:13 | Create | Fishing Ship |
| 3:17 | Create | Villager (Male) |
| 3:18 | Create | Unit 2550 |
| 3:19 | Create | Unit 2550 |
| 3:24 | Create | Unit 2550 |
| 3:27 | Build | Barracks |
| 3:34 | Create | Spearman |
| 3:35 | Create | Spearman |
| 4:02 | Build | Watch Tower |
| 4:07 | Create | Unit 2550 |
| 4:07 | Create | Unit 2550 |
| 4:24 | Create | Spearman |
| 4:24 | Create | Spearman |
| 4:32 | Create | Villager (Male) |
| 4:32 | Create | Villager (Male) |
| 4:48 | Build | Farm |
| 4:48 | Build | Farm |
| 4:48 | Build | Farm |
| 4:48 | Build | Farm |
| 4:49 | Build | Farm |
| 4:49 | Build | Farm |
| 4:56 | Create | Unit 2550 |
| 4:56 | Create | Unit 2550 |
| 5:04 | Research | Scale Mail Armor |
| 5:23 | Create | Villager (Male) |
| 5:28 | Create | Spearman |
| 5:38 | Build | Barracks |
| 5:49 | Create | Villager (Male) |
| 5:54 | Create | Unit 2550 |
| 5:54 | Create | Unit 2550 |
| 6:13 | Create | Fishing Ship |
| 6:13 | Create | Fishing Ship |
| 6:16 | Create | Villager (Male) |
| 6:18 | Create | Unit 2550 |
| 6:18 | Create | Unit 2550 |
| 7:01 | Create | Villager (Male) |
| 7:06 | Create | Spearman |
| 7:06 | Create | Spearman |
| 7:08 | Create | Unit 2550 |
| 7:08 | Create | Unit 2550 |
| 7:11 | Create | Villager (Male) |
| 7:15 | Build | Palisade Wall |
| 7:19 | Build | Farm |
| 7:19 | Build | Farm |
| 7:19 | Build | Farm |
| 7:20 | Build | Farm |
| 7:34 | Create | Unit 2550 |
| 7:45 | Build | Farm |
| 7:50 | Create | Villager (Male) |
| 7:54 | Create | Fishing Ship |
| 7:54 | Create | Fishing Ship |
| 7:55 | Create | Villager (Male) |
| 8:00 | Build | House |
| 8:01 | Build | House |
| 8:05 | Create | Unit 2550 |
| 8:05 | Create | Unit 2550 |
| 8:15 | Build | Farm |
| 8:29 | Build | Settlement |
| 8:43 | Create | Villager (Male) |
| 9:30 | Create | Villager (Male) |
| 9:45 | Create | Villager (Male) |
| 9:47 | Create | Unit 2550 |
| 9:48 | Create | Unit 2550 |
| 10:21 | Create | Unit 2550 |
| 10:21 | Create | Unit 2550 |
| 10:22 | Create | Villager (Male) |
| 10:23 | Create | Villager (Male) |
| 10:42 | Build | Farm |
| 11:03 | Create | Unit 2550 |
| 11:03 | Create | Unit 2550 |
| 11:14 | Create | Villager (Male) |
| 11:24 | Create | Villager (Male) |
| 11:33 | Research | Castle Age |
| 11:35 | Create | Unit 2550 |
| 11:35 | Create | Unit 2550 |
| 12:10 | Research | Forging |
| 12:39 | Create | Unit 2550 |
| 12:39 | Create | Unit 2550 |
| 12:40 | Create | Unit 2550 |
| 12:54 | Research | Fletching |
| 13:03 | Build | Barracks |
| 13:06 | Build | Barracks |
| 13:08 | Build | Barracks |
| 14:13 | Age | Feudal Age |
| 14:25 | Build | Settlement |
| 14:45 | Research | Wheelbarrow |
| 15:00 | Create | Spearman |
| 15:01 | Create | Spearman |
| 15:01 | Create | Spearman |
| 15:15 | Build | Town Center |
| 15:25 | Create | Villager (Male) |
| 15:25 | Create | Villager (Male) |
| 15:42 | Research | Horse Collar |
| 15:47 | Research | Bow Saw |
| 16:09 | Build | Stone Wall |
| 16:15 | Build | Stone Wall |
| 16:18 | Create | Villager (Male) |
| 16:18 | Create | Villager (Male) |
| 16:26 | Build | Stone Wall |
| 16:43 | Create | Villager (Male) |
| 16:43 | Create | Villager (Male) |
| 17:07 | Build | Farm |
| 17:08 | Build | Farm |
| 17:08 | Build | Farm |
| 17:08 | Build | Farm |
| 17:08 | Build | Farm |
| 17:48 | Build | Gate |
| 17:58 | Create | Villager (Male) |
| 18:11 | Build | Farm |
| 18:11 | Build | Farm |
| 18:12 | Build | Farm |
| 18:12 | Build | Farm |
| 18:12 | Build | Farm |
| 18:12 | Build | Farm |
| 18:12 | Build | Farm |
| 18:13 | Build | Farm |
| 18:13 | Build | Farm |
| 18:13 | Build | Farm |
| 18:13 | Build | Farm |
| 18:17 | Create | Villager (Male) |
| 18:34 | Create | Villager (Male) |
| 18:35 | Create | Villager (Male) |
| 18:49 | Build | Castle |
| 19:01 | Create | Villager (Male) |
| 19:02 | Create | Villager (Male) |
Match timeline
| 0:09 | N.19 IvanCastle · first_building Stable |
| 0:13 | 背后一刀 · first_building Barracks |
| 0:15 | xjvc206 · first_building Archery Range |
| 0:17 | wappla · first_building Archery Range |
| 0:20 | xjvc206 · wall_segment Stone Wall x2 |
| 0:23 | ortegahugo559 · first_building Stable |
| 0:37 | JEEP-REX · first_building Stable |
| 0:41 | ortegahugo559 · wall_segment Palisade Wall x10 |
| 0:46 | DkDave · first_building Stable |
| 1:22 | wappla · wall_segment Palisade Wall x1 |
| 1:36 | wappla · wall_segment Palisade Wall x4 |
| 2:25 | xjvc206 · wall_segment Stone Wall x10 |
| 2:44 | DkDave · wall_segment Palisade Wall x11 |
| 2:48 | 背后一刀 · wall_segment Palisade Wall x1 |
| 2:55 | wappla · first_market_sell 100 stone |
| 3:00 | wappla · first_market_buy 100 food |
| 3:24 | DkDave · wall_segment Palisade Wall x5 |
| 4:01 | DkDave · wall_segment Palisade Wall x5 |
| 4:07 | DkDave · wall_segment Palisade Wall x14 |
| 4:26 | DkDave · wall_segment Palisade Wall x7 |
| 4:31 | DkDave · wall_segment Palisade Wall x8 |
| 4:51 | xjvc206 · wall_segment Stone Wall x5 |
| 5:02 | DkDave · wall_segment Palisade Wall x8 |
| 5:38 | oaoaoa1986 · first_building Barracks |
| 6:09 | wappla · wall_segment Palisade Wall x6 |
| 6:47 | N.19 IvanCastle · wall_segment Palisade Wall x1 |
| 7:15 | 背后一刀 · wall_segment Palisade Wall x1 |
| 7:40 | wappla · age_up feudal |
| 9:36 | N.19 IvanCastle · age_up feudal |
| 9:40 | N.19 IvanCastle · first_building Siege Workshop |
| 10:45 | oaoaoa1986 · age_up feudal |
| 10:58 | ortegahugo559 · age_up feudal |
| 11:05 | JEEP-REX · first_market_sell 100 wood |
| 11:29 | 背后一刀 · first_market_sell 100 wood |
| 12:16 | xjvc206 · age_up feudal |
| 12:29 | DkDave · age_up feudal |
| 12:47 | DkDave · first_building Monastery |
| 14:07 | JEEP-REX · age_up feudal |
| 14:13 | 背后一刀 · age_up feudal |
| 14:15 | xjvc206 · first_market_sell 100 wood |
| 14:18 | xjvc206 · first_market_buy 100 stone |
| 14:51 | ortegahugo559 · first_building Archery Range |
| 15:54 | xjvc206 · first_building Castle |
| 16:09 | 背后一刀 · wall_segment Stone Wall x15 |
| 16:15 | 背后一刀 · wall_segment Stone Wall x5 |
| 16:20 | xjvc206 · wall_segment Stone Wall x1 |
| 16:26 | 背后一刀 · wall_segment Stone Wall x2 |
| 16:51 | DkDave · age_up castle |
| 17:16 | wappla · first_building Castle |
| 17:19 | ortegahugo559 · first_building Siege Workshop |
| 17:29 | wappla · first_building Monastery |
| 17:33 | JEEP-REX · first_market_buy 100 food |
| 17:45 | xjvc206 · first_building Barracks |
| 17:50 | DkDave · first_building Castle |
| 18:28 | N.19 IvanCastle · first_market_sell 100 food |
| 18:49 | 背后一刀 · first_building Castle |
| 20:27 | 背后一刀 · first_building Siege Workshop |
| 21:05 | N.19 IvanCastle · first_building Barracks |
| 21:29 | wappla · age_up castle |
| 22:07 | N.19 IvanCastle · age_up castle |
| 22:10 | xjvc206 · first_building Siege Workshop |
| 22:16 | ortegahugo559 · first_building Barracks |
| 22:26 | DkDave · wall_segment Stone Wall x10 |
| 22:54 | DkDave · wall_segment Stone Wall x7 |
| 23:41 | DkDave · wall_segment Palisade Wall x1 |
| 24:12 | DkDave · wall_segment Palisade Wall x1 |
| 24:41 | wappla · first_building Siege Workshop |
| 27:14 | JEEP-REX · first_building Monastery |
| 29:07 | oaoaoa1986 · age_up castle |
| 29:12 | wappla · first_building Stable |
| 31:53 | oaoaoa1986 · first_building Castle |
| 32:51 | oaoaoa1986 · first_building Stable |
| 35:35 | DkDave · first_market_sell 100 food |
| 35:54 | xjvc206 · age_up castle |
| 37:03 | 背后一刀 · age_up castle |
| 38:31 | JEEP-REX · age_up castle |
| 38:48 | JEEP-REX · first_building Castle |
| 41:08 | ortegahugo559 · first_building Castle |
| 42:14 | ortegahugo559 · resign |
| 42:39 | DkDave · wall_segment Stone Wall x6 |
[ AI ANALYSIS · 1 CREDIT ]
What really happened in this match?
Wolo.gg analyzes every decision: build order, eco, micro, common mistakes by bracket. Personalized analysis on WhatsApp or Discord in 30 seconds.
Civ guide
Khmer
Perfil
Jugador #5875340